 Dungeon Crawl Stone Soup version 0.27-a0-550-ge92ec0ca06 (webtiles) character file.

Game seed: 18295528469493350062

8706 sahdkjhfkaj the Blocker (level 11, -8/89 HPs)
             Began as a Gnoll Fighter on Mar 7, 2021.
             Was an Initiate of Gozag.
             Mangled by a death yak (16 damage)
             ... on level 1 of the Lair of Beasts.
             The game lasted 00:05:46 (13939 turns).

sahdkjhfkaj the Blocker (Gnoll Fighter)            Turns: 13939, Time: 00:05:47

Health: -8/89      AC: 16    Str: 17    XL:     11   Next: 35%
Magic:  0/20       EV: 10    Int: 10    God:    Gozag
Gold:   1075       SH: 15    Dex: 11    Spells: 22/22 levels left

rFire    . . .     SeeInvis .   a - +0 war axe (flame)
rCold    . . .     Faith    .   c - +0 kite shield
rNeg     . . .     Spirit   +   v - +3 scale mail {Will+}
rPois    .         Reflect  .   (no helmet)
rElec    .         Harm     .   (no cloak)
rCorr    .         Rampage  .   q - +0 pair of gloves
Will     ++...                  g - +0 pair of boots
Stlth    ++........             A - amulet of guardian spirit
HPRegen  0.24/turn              k - ring of willpower
MPRegen  0.17/turn              (no ring)

@: no status effects
A: fangs 1, large bone plates 1, slimy green scales 1, strong nose, distributed
training
a: Renounce Religion, Potion Petition, Call Merchant, Bribe Branch


You were on level 1 of the Lair of Beasts.
You worshipped Gozag.
Gozag was most pleased with you.
You visited 3 branches of the dungeon, and saw 13 of its levels.

You collected 2441 gold pieces.
You paid 1366 gold pieces to Gozag.

Inventory:

Hand Weapons
 a - a +0 war axe of flaming (weapon)
Armour
 c - a +0 kite shield (worn)
 g - a +0 pair of boots (worn)
 q - a +0 pair of gloves (worn)
 v - a +3 scale mail of willpower (worn)
Jewellery
 k - a ring of willpower (left hand)
 A - an amulet of guardian spirit (around neck)
 J - a ring of positive energy
Wands
 o - a wand of random effects (30)
 s - a wand of paralysis (5)
 u - a wand of polymorph (8)
 C - a wand of flame (33)
 H - a wand of mindburst (18)
 I - a wand of iceblast (9)
Scrolls
 e - 4 scrolls of amnesia
 j - 10 scrolls of teleportation
 l - 3 scrolls of immolation
 m - a scroll of noise
 r - 3 scrolls of magic mapping
 x - 4 scrolls of enchant armour
 y - 3 scrolls of fog
 B - 2 scrolls of vulnerability
 E - 2 scrolls of enchant weapon
Potions
 b - 3 potions of curing
 d - a potion of might
 i - 2 potions of haste
 n - a potion of flight {unknown}
 p - 3 potions of lignification
 t - 3 potions of heal wounds
 w - 2 potions of attraction
 z - a potion of cancellation {unknown}
 F - 2 potions of mutation
 G - a potion of degeneration {unknown}


   Skills:
 + Level 9.1 Fighting
 + Level 6.2 Short Blades
 + Level 6.2 Long Blades
 + Level 7.8 Axes
 + Level 6.2 Maces & Flails
 + Level 6.2 Polearms
 + Level 6.2 Staves
 + Level 6.2 Slings
 + Level 6.2 Bows
 + Level 6.2 Crossbows
 + Level 6.2 Throwing
 + Level 9.1 Armour
 + Level 6.2 Dodging
 + Level 6.2 Stealth
 + Level 9.1 Shields
 + Level 6.2 Unarmed Combat
 + Level 6.2 Spellcasting
 + Level 5.1 Conjurations
 + Level 5.1 Hexes
 + Level 5.1 Summonings
 + Level 5.1 Necromancy
 + Level 5.1 Translocations
 + Level 5.1 Transmutations
 + Level 5.1 Fire Magic
 + Level 5.1 Ice Magic
 + Level 5.1 Air Magic
 + Level 5.1 Earth Magic
 + Level 5.1 Poison Magic
 + Level 6.8 Invocations
 + Level 6.2 Evocations


You had 22 spell levels left.
You didn't know any spells.
Your spell library contained the following spells:

 Spells                   Type           Power      Damage    Failure   Level
 Animate Skeleton         Necr           26%        N/A       14%         1
 Corona                   Hex            14%        N/A       14%         1
 Freeze                   Ice            52%        1d7       14%         1
 Pain                     Necr           52%        1d6       14%         1
 Ensorcelled Hibernation  Hex/Ice        26%        N/A       22%         2
 Confusing Touch          Hex            13%        N/A       41%         3
 Dazzling Flash           Conj/Hex       26%        N/A       41%         3
 Frozen Ramparts          Ice            26%        1d4       41%         3
 Ozocubu's Armour         Ice            13%        N/A       41%         3
 Tukima's Dance           Hex            13%        N/A       41%         3
 Vampiric Draining        Necr           6%         2d6       41%         3
 Animate Dead             Necr           6%         N/A       82%         4
 Hailstorm                Conj/Ice       13%        3d5       82%         4
 Summon Ice Beast         Ice/Summ       13%        N/A       82%         4
 Agony                    Necr           13%        N/A       99%         5
 Borgnjor's Revivificati  Necr           6%         N/A       100%        8
 Infestation              Necr           6%         N/A       100%        8
 Necromutation            Tmut/Necr      6%         N/A       100%        8
 Death's Door             Necr           6%         N/A       100%        9


Dungeon Overview and Level Annotations

Branches:
Dungeon (10/15)            Temple (1/1) D:6            Lair (2/6) D:10
 Shoals (0/4) Lair:2          Orc (0/2) D:9
  Snake: Lair:2-4    Spider: Lair:2-4

Altars:
Ashenzari
Cheibriados
Dithmenos
Elyvilon
Fedhas
Gozag
Hepliaklqana
Kikubaaqudgha
Makhleb
Nemelex Xobeh
Okawaru
Qazlal
Ru
Sif Muna
Trog
Uskayaw
Vehumet
Wu Jian
Xom
Yredelemnul
Zin
The Shining One

Shops:
D:8 [   Lair:1 ((


Innate Abilities, Weirdness & Mutations

You have very sharp teeth.
Your uncanny sense of smell can sniff out nearby items.
Your experience applies equally to all skills.
You are partially covered in large bone plates. (SH +4)
You are partially covered in slimy green scales. (AC +2)


Message History

There are monsters nearby!
You are too injured to fight recklessly!
There are monsters nearby!
You are too injured to fight recklessly!
There are monsters nearby!
You are too injured to fight recklessly!
There are monsters nearby!
You are too injured to fight recklessly!
There are monsters nearby!
Unknown command.
The death yak gores you but does no damage.
You see here 5 gold pieces.
There is a stone staircase leading up here.
The death yak closely misses you. The death yak gores you!
* * * LOW HITPOINT WARNING * * *
You climb upwards.
There is a stone staircase leading down here.
Unknown command.
There is a staircase back to the Dungeon here.
You hit the death yak. You burn the death yak.
The death yak is lightly wounded.
The death yak gores you!!
* * * LOW HITPOINT WARNING * * *
You slash the death yak! You burn the death yak.
The death yak is moderately wounded.
You block the death yak's attack. The death yak gores you!
* * * LOW HITPOINT WARNING * * *
You block the death yak's attack.
You slash the death yak! You burn the death yak.
The death yak is lightly wounded.
The death yak gores you.
* * * LOW HITPOINT WARNING * * *
The death yak gores you.
* * * LOW HITPOINT WARNING * * *
You hit the death yak but do no damage.
The death yak is lightly wounded.
You hit the death yak but do no damage. The death yak gores you!!
You die...
Your body crumbles into a pile of gold.

..##### ##....P# ##...## ..##
##....## ##...## ...# ##....##
##...## ..## ##....####...## ..#
##....##...## ..# ##........# ..#
##.....#.# ..# #......### ..#
##@.....#)# ..######
###.YY#....## ######
....##.######....#.#....###.##P##
........>.∩............).........
.........∩.......................
.................................
...#########.#...##.....#.####.##
..## ####........#### #### ..##
##......##


You could see 2 death yaks.

Vanquished Creatures
  A hydra (Lair:1)
  A black mamba (Lair:1)
  Joseph (D:8)
  A cane toad (Lair:2)
  2 komodo dragons (Lair:1)
  5 blink frogs (Lair:2)
  A hornet (D:6)
  6 yaks (D:10)
  A steam dragon (D:8)
  2 wargs (D:9)
  4 water moccasins
  4 ice beasts
  2 black bears
  3 ogres
  3 necrophages
  3 centaurs
  A phantom (D:6)
  6 bullfrogs
  2 scorpions
  5 killer bees (D:8)
  8 wights
  A howler monkey (D:4)
  A bullfrog zombie (D:9)
  2 quasits
  3 bullfrog skeletons
  7 hounds
  3 jellies
  An orc priest (D:9)
  8 iguanas
  2 orc wizards
  8 worker ants
  Natasha (thrice) (D:2)
  A hound skeleton (D:5)
  A mummy (D:9)
  2 worker ant zombies
  A howler monkey zombie (D:9)
  12 adders
  3 white imps
  An ufetubus (D:9)
  3 oozes
  3 adder skeletons
  10 worms
  A dart slug (D:3)
  5 leopard geckos
  15 orcs
  3 ball pythons
  3 giant cockroaches
  9 hobgoblins
  9 jackals
  6 kobolds
  8 quokkas
  11 bats
  3 frilled lizards
  6 goblins
  A leopard gecko skeleton (D:4)
  A quokka zombie (D:6)
  9 rats
228 creatures vanquished.

Vanquished Creatures (others)
  A fungus (Lair:2)
  5 plants (Lair:2)
  3 withered plants (D:9)
9 creatures vanquished.

Grand Total: 237 creatures vanquished

Notes
Turn   | Place    | Note
-------+----------+-------------------------------------------
     0 | D:1      | sahdkjhfkaj the Gnoll Fighter began the quest for the Orb.
     0 | D:1      | Reached XP level 1. HP: 23/23 MP: 1/1
   298 | D:1      | Reached XP level 2. HP: 29/29 MP: 2/2
  1064 | D:2      | Reached XP level 3. HP: 34/35 MP: 3/3
  1196 | D:2      | Reached skill level 1 in Invocations
  1419 | D:2      | Reached skill level 1 in Short Blades
  1419 | D:2      | Reached skill level 1 in Long Blades
  1419 | D:2      | Reached skill level 1 in Maces & Flails
  1419 | D:2      | Reached skill level 1 in Polearms
  1419 | D:2      | Reached skill level 1 in Staves
  1419 | D:2      | Reached skill level 1 in Slings
  1419 | D:2      | Reached skill level 1 in Bows
  1419 | D:2      | Reached skill level 1 in Crossbows
  1419 | D:2      | Reached skill level 1 in Throwing
  1419 | D:2      | Reached skill level 1 in Dodging
  1419 | D:2      | Reached skill level 1 in Stealth
  1419 | D:2      | Reached skill level 1 in Unarmed Combat
  1419 | D:2      | Reached skill level 1 in Spellcasting
  1419 | D:2      | Reached skill level 1 in Evocations
  1522 | D:2      | Reached XP level 4. HP: 41/41 MP: 5/5
  1670 | D:2      | Noticed a +0 short sword
  1671 | D:2      | Noticed a +0 spear
  1671 | D:2      | Noticed a +0 dagger
  1671 | D:2      | Noticed a +0 spear
  1672 | D:2      | Noticed a +0 dagger
  1672 | D:2      | Noticed a +0 falchion
  1673 | D:2      | Noticed a +0 short sword
  1673 | D:2      | Noticed a +0 falchion
  1698 | D:2      | Found a hide-covered altar of Uskayaw.
  1699 | D:2      | Noticed Natasha
  1709 | D:2      | Killed Natasha
  1710 | D:2      | Reached skill level 1 in Conjurations
  1710 | D:2      | Reached skill level 1 in Hexes
  1710 | D:2      | Reached skill level 1 in Summonings
  1710 | D:2      | Reached skill level 1 in Necromancy
  1710 | D:2      | Reached skill level 1 in Translocations
  1710 | D:2      | Reached skill level 1 in Transmutations
  1710 | D:2      | Reached skill level 1 in Fire Magic
  1710 | D:2      | Reached skill level 1 in Ice Magic
  1710 | D:2      | Reached skill level 1 in Air Magic
  1710 | D:2      | Reached skill level 1 in Earth Magic
  1710 | D:2      | Reached skill level 1 in Poison Magic
  1937 | D:2      | Noticed Natasha
  1949 | D:2      | Killed Natasha
  1950 | D:2      | Reached XP level 5. HP: 37/47 MP: 5/7
  2055 | D:2      | Noticed Natasha
  2061 | D:2      | Killed Natasha
  2549 | D:3      | Found an ornate altar of the Wu Jian Council.
  2614 | D:3      | Reached XP level 6. HP: 50/53 MP: 8/8
  3137 | D:4      | Reached skill level 5 in Axes
  3370 | D:4      | Found a white marble altar of Elyvilon.
  3722 | D:4      | Found a shadowy altar of Dithmenos.
  3756 | D:4      | Found a shimmering blue altar of Sif Muna.
  3811 | D:4      | Reached XP level 7. HP: 29/59 MP: 10/10
  4302 | D:5      | Entered Level 5 of the Dungeon
  4328 | D:5      | Found a shimmering blue altar of Sif Muna.
  4622 | D:5      | Found a sacrificial altar of Ru.
  5429 | D:6      | Reached XP level 8. HP: 41/67 MP: 12/12
  5633 | D:6      | Found a staircase to the Ecumenical Temple.
  5698 | D:6      | Noticed a hornet
  5700 | D:6      | Paralysed by a hornet for 2 turns
  5708 | D:6      | Gained mutation: Your spells are a little harder to cast,
                  | but a little more powerful. [potion of mutation]
  5708 | D:6      | Lost mutation: Your spells are a little harder to cast, but
                  | a little more powerful. [potion of mutation]
  5708 | D:6      | Gained mutation: You are partially covered in slimy green
                  | scales. (AC +2) [potion of mutation]
  5708 | D:6      | Gained mutation: You are partially covered in large bone
                  | plates. (SH +4) [potion of mutation]
  5715 | D:6      | Killed a hornet
  6456 | Temple   | Entered the Ecumenical Temple
  6567 | Temple   | Became a worshipper of Gozag Ym Sagoz the Greedy
  7153 | D:7      | Reached XP level 9. HP: 28/72 MP: 14/14
  8774 | D:8      | Found Imuiriny's Antique Armour Shoppe.
  8998 | D:8      | Noticed Joseph
  9018 | D:8      | Killed Joseph
  9019 | D:8      | Reached skill level 5 in Invocations
  9601 | D:9      | Found a staircase to the Orcish Mines.
  9611 | D:9      | Reached XP level 10. HP: 58/80 MP: 11/17
  9930 | D:9      | Reached skill level 5 in Short Blades
  9930 | D:9      | Reached skill level 5 in Long Blades
  9930 | D:9      | Reached skill level 5 in Maces & Flails
  9930 | D:9      | Reached skill level 5 in Polearms
  9930 | D:9      | Reached skill level 5 in Staves
  9930 | D:9      | Reached skill level 5 in Slings
  9930 | D:9      | Reached skill level 5 in Bows
  9930 | D:9      | Reached skill level 5 in Crossbows
  9930 | D:9      | Reached skill level 5 in Throwing
  9930 | D:9      | Reached skill level 5 in Dodging
  9930 | D:9      | Reached skill level 5 in Stealth
  9930 | D:9      | Reached skill level 5 in Unarmed Combat
  9930 | D:9      | Reached skill level 5 in Spellcasting
  9930 | D:9      | Reached skill level 5 in Evocations
  9994 | D:9      | Found a snail-covered altar of Cheibriados.
 10808 | D:10     | Entered Level 10 of the Dungeon
 11076 | D:10     | Found a staircase to the Lair.
 11533 | Lair:1   | Entered Level 1 of the Lair of Beasts
 12044 | Lair:1   | Noticed a six-headed hydra
 12054 | Lair:1   | Killed a one-headed hydra
 12055 | Lair:1   | Reached XP level 11. HP: 62/87 MP: 14/19
 13072 | Lair:1   | Reached skill level 5 in Conjurations
 13072 | Lair:1   | Reached skill level 5 in Hexes
 13072 | Lair:1   | Reached skill level 5 in Summonings
 13072 | Lair:1   | Reached skill level 5 in Necromancy
 13072 | Lair:1   | Reached skill level 5 in Translocations
 13072 | Lair:1   | Reached skill level 5 in Transmutations
 13072 | Lair:1   | Reached skill level 5 in Fire Magic
 13072 | Lair:1   | Reached skill level 5 in Ice Magic
 13072 | Lair:1   | Reached skill level 5 in Air Magic
 13072 | Lair:1   | Reached skill level 5 in Earth Magic
 13072 | Lair:1   | Reached skill level 5 in Poison Magic
 13262 | Lair:2   | Found a staircase to the Shoals.
 13665 | Lair:1   | Identified a scroll of acquirement
 13669 | Lair:1   | Acquired 998 gold pieces
 13873 | Lair:2   | Noticed a death yak
 13874 | Lair:2   | Noticed a death yak
 13875 | Lair:2   | Noticed a death yak
 13875 | Lair:2   | Noticed a death yak
 13875 | Lair:2   | Noticed a death yak
 13939 | Lair:1   | Mangled by a death yak

Illustrated notes

Levels and vault maps discovered:
D:1:      lightli_arrival_windingriver, layout_basic, kennysheep_boxes
D:2:      layout_basic, nicolae_uskayaw_en_pointe, uniq_natasha
D:3:      layout_rooms, nzn_wu_jian_council_hall
D:4:      layout_basic, lemuel_coloured_pillars_altar,
          nicolae_dithmenos_through_a_glass_darkly, elyvilon_altar_4
D:5:      layout_loops_ring, nicolae_ru_path_of_blood, basic_altar
D:6:      layout_rooms, minmay_temple_entry_junction, serial_curves,
          eino_curves_03, eino_curves_03, cheibrodos_sewer_entry_bend
D:7:      layout_basic
D:8:      layout_loops_ring, serial_shops, shop, minmay_misc_feat_four_crosses,
          kennysheep_pointless_box, uniq_joseph
D:9:      layout_stronghold, lemuel_doored_altar, david_orc_3, serial_undead,
          serial_undead_b, serial_undead_f, serial_undead_f, serial_undead_a,
          serial_undead_d, serial_undead_e, kennysheep_small_circle
D:10:     layout_gridville, lair_entry_dummy
Temple:   lightli_temple_of_artemis
Lair:1:   layout_hall_layers, serial_bayou_pond_d
Lair:2:   layout_hall_layers, elwin_shoals_entry_rocks,
          guppyfry_snake_entry_garden, nicolae_volcano_entry_batcave,
          grunt_megastairs_2

Skill      XL: |  1  2  3  4  5  6  7  8  9 10 11 |
---------------+----------------------------------+-----
Invocations    | 1 2 3 4 5 6 |  6.8
Short Blades   | 1 2 3 4 5 6 |  6.2
Long Blades    | 1 2 3 4 5 6 |  6.2
Maces & Flails | 1 2 3 4 5 6 |  6.2
Polearms       | 1 2 3 4 5 6 |  6.2
Staves         | 1 2 3 4 5 6 |  6.2
Slings         | 1 2 3 4 5 6 |  6.2
Bows           | 1 2 3 4 5 6 |  6.2
Crossbows      | 1 2 3 4 5 6 |  6.2
Throwing       | 1 2 3 4 5 6 |  6.2
Dodging        | 1 2 3 4 5 6 |  6.2
Stealth        | 1 2 3 4 5 6 |  6.2
Unarmed Combat | 1 2 3 4 5 6 |  6.2
Spellcasting   | 1 2 3 4 5 6 |  6.2
Evocations     | 1 2 3 4 5 6 |  6.2
Conjurations   | 1 2 3 4 5 |  5.1
Hexes          | 1 2 3 4 5 |  5.1
Summonings     | 1 2 3 4 5 |  5.1
Necromancy     | 1 2 3 4 5 |  5.1
Translocations | 1 2 3 4 5 |  5.1
Transmutations | 1 2 3 4 5 |  5.1
Fire Magic     | 1 2 3 4 5 |  5.1
Ice Magic      | 1 2 3 4 5 |  5.1
Air Magic      | 1 2 3 4 5 |  5.1
Earth Magic    | 1 2 3 4 5 |  5.1
Poison Magic   | 1 2 3 4 5 |  5.1
Axes           | 5 6 7 |  7.8
Fighting       | 7 8 9 |  9.1
Armour         | 7 8 9 |  9.1
Shields        | 7 8 9 |  9.1

Action                   |  1- 3 |  4- 6 |  7- 9 | 10-12 || total
-------------------------+-------+-------+-------+-------++-------
Melee: War axe           |    79 |   239 |   464 |   318 ||  1100
       Bite              |     4 |    20 |    50 |    31 ||   105
Invok: Call Merchant     |       |       |       |     2 ||     2
Evoke: Wand              |       |       |     8 |       ||     8
  Use: Scroll            |       |       |     6 |     9 ||    15
       Potion            |       |       |     7 |       ||     7
 Stab: Paralysed         |       |       |     2 |       ||     2
       Distracted        |       |       |       |     2 ||     2
Armor: Scale mail        |    31 |   121 |   216 |   148 ||   516
       Skin              |       |       |     8 |       ||     8
Dodge: Dodged            |    18 |    90 |   177 |   127 ||   412
Block: Kite shield       |    48 |   145 |   371 |   304 ||   868

Table legend: (Time is in decaauts)
 A = Elapsed time spent in this place.
 B = Non-inter-level travel time spent in this place.
 C = Inter-level travel time spent in this place.
 D = Time resting spent in this place.
 E = Time spent auto-exploring this place.
 F = Levels seen in this place.
 G = Mean time per level.
                   A        B        C        D        E       F      G
               +--------+--------+--------+--------+--------+-----+--------+
         Total |  14356 |  13825 |    531 |     23 |  11520 |  13 | 1104.3 |
       Dungeon |  11778 |  11304 |    474 |     23 |   9426 |  10 | 1177.8 |
        Temple |    122 |    122 |      0 |      0 |    101 |   1 |  122.0 |
          Lair |   2455 |   2398 |     57 |      0 |   1993 |   2 | 1227.5 |
               +--------+--------+--------+--------+--------+-----+--------+

Top non-repeatable levels by time:
  Lair:1: 2190 daAuts
     D:8: 1656 daAuts
     D:2: 1462 daAuts
     D:9: 1342 daAuts
     D:7: 1315 daAuts
     D:4: 1210 daAuts
     D:5: 1164 daAuts
     D:6: 1090 daAuts
     D:1: 1029 daAuts
     D:3: 769 daAuts
    D:10: 736 daAuts
  Lair:2: 264 daAuts
  Temple: 122 daAuts
